 Dungeon Sprint DCSS version 0.24-a0-574-g7d3d5a4 (webtiles) character file.

Game seed: 3896433807830072493

19345 Faca the Warrior (level 13, -5/125 HPs)
             Began as a Formicid Fighter on Aug 20, 2019.
             Was the Champion of the Shining One.
             Slain by a sphinx (11 damage)
             ... summoned by Kirke
             ... in the Dungeon (Sprint IX: "|||||||||||||||||||||||||||||").
             The game lasted 00:11:07 (2440 turns).

Faca the Warrior (Formicid Fighter)                 Turns: 2440, Time: 00:11:08

Health: -5/125     AC:  0    Str: 26    XL:     13   Next: 3%
Magic:  17/17      EV: 13    Int:  8    God:    the Shining One [******]
Gold:   1056       SH:  0    Dex: 10    Spells: 12/12 levels left

rFire    . . .     SeeInvis .   (weapon currently unavailable)
rCold    . . .     Gourm    .   (shield currently unavailable)
rNeg     + + +     Faith    .   (armour currently unavailable)
rPois    .         Spirit   .   (helmet unavailable)
rElec    .         Reflect  .   (cloak currently unavailable)
rCorr    .         Harm     .   (gloves currently unavailable)
MR       +....                  (boots currently unavailable)
Stlth    +.........             (no amulet)
HPRegen  0.30/turn              (ring currently unavailable)
MPRegen  0.15/turn              (ring currently unavailable)

@: pig-form, glowing, very quick
A: small, permanent stasis, dig shafts and tunnels, four strong arms
a: Divine Shield, Cleansing Flame, Summon Divine Warrior, Brand Weapon With Holy
Wrath, Renounce Religion


You were in the Dungeon.
You worshipped the Shining One.
The Shining One was exalted by your worship.
You were not hungry.
You were a filthy swine.
You visited 1 branch You collected 1908 gold pieces.
You spent 852 gold pieces at shops.

Inventory:

Hand Weapons
 q - a +2 scimitar of flaming
 w - a +3 great sword of holy wrath (melded)
 z - a +1 demon blade of flaming
Armour
 a - a +0 pair of gloves (melded)
 c - a +0 shield (melded)
 v - a +2 plate armour of poison resistance (melded)
 x - a +2 pair of boots (melded)
Jewellery
 r - a +3 ring of strength (melded)
 s - a +2 ring of evasion (melded)
 y - an uncursed ring of poison resistance
Wands
 p - a wand of iceblast (10)
Scrolls
 k - 4 scrolls of blinking
 l - 2 scrolls of fog
 n - 3 scrolls of remove curse
 o - 2 scrolls of amnesia
 t - 2 scrolls of fear
 B - 4 scrolls of enchant armour
Potions
 e - a potion of invisibility
 g - 2 potions of heal wounds
 h - 2 potions of haste
 i - 4 potions of magic
 j - 2 potions of berserk rage
 m - 9 potions of curing
 u - a potion of mutation
 A - 3 potions of resistance
Comestibles
 f - 12 rations


   Skills:
 - Level 19.2 Fighting
 + Level 18.4 Long Blades
 + Level 13.4 Armour
 + Level 14.4 Shields
 + Level 6.6 Invocations


You had 12 spell levels left.
You didn't know any spells.
Your spell library was empty.

Dungeon Overview and Level Annotations

Branches:
Dungeon (1/1)

Altars:
Cheibriados
Dithmenos
Elyvilon
Fedhas
Gozag
Hepliaklqana
Kikubaaqudgha
Makhleb
Nemelex Xobeh
Okawaru
Qazlal
Ru
Sif Muna
Trog
Uskayaw
Vehumet
Wu Jian
Xom
Yredelemnul
Zin
The Shining One
Beogh
Jiyva
Lugonu

Shops:
D (([:

Annotations:
D Kirke


Innate Abilities, Weirdness & Mutations

You cannot be hasted, slowed, berserked, paralysed or teleported.
You can dig through walls and to a lower floor.
Your four strong arms can wield two-handed weapons with a shield.
((You have a pair of large antennae on your head. (SInv)))


Message History

Kirke hits you!
* * * LOW HITPOINT WARNING * * *
You closely miss Kirke.
Kirke is moderately wounded.
The sphinx casts a spell.
Something smites you!
* * * LOW HITPOINT WARNING * * *
You hit Kirke.
Kirke is moderately wounded.
The sphinx mumbles some strange words.
You resist with significant effort.
Kirke mumbles some strange words.
Kirke summons a lindwurm!
All of the chunks of flesh in your inventory have rotted away.
You hit Kirke.
Kirke is moderately wounded.
The sphinx hits you.
* * * LOW HITPOINT WARNING * * *
The sphinx hits you!
You die...

▓....'..[[[[..'..)=..
▓.▓▓▓▓▓▓▓▓▓▓▓▓▓▓▓▓▓▓▓
▓....................
▓▓▓▓▓▓▓▓▓▓▓▓▓▓▓▓▓▓▓▓▓
▓.........'.....∩.∩)∩
▓.▓▓▓▓▓▓▓▓▓▓▓▓▓▓▓▓▓▓▓
▓.....(....(.).......
▓▓▓▓▓▓▓▓▓▓▓▓▓▓▓▓▓▓▓▓▓
▓k.@hH....'....).....
▓.▓▓▓▓▓▓▓▓▓▓▓▓▓▓▓▓▓▓▓
▓......... {{{
▓▓▓▓▓▓▓▓▓▓


{{{{{{{ { You could see Kirke (invisible), a sphinx and a lindwurm.

Vanquished Creatures
  A very ugly thing (D)
  A fire dragon (D)
  A great orb of eyes (D)
  An ettin (D)
  A hydra (D)
  2 centaur warriors (D)
  2 ogre magi (D)
  A two-headed ogre (D)
  A skeletal warrior (D)
  An unseen horror (D)
  4 lindwurms (D)
  An ugly thing (D)
  4 orc sorcerers (D)
  Joseph (D)
  A rime drake (shapeshifter) (D)
  3 spiny frogs (D)
  A tengu conjurer (D)
  A hornet (D)
  2 tyrant leeches (D)
  A blink frog (D)
  2 hippogriffs (D)
  2 slime creatures (D)
  4 hogs (D)
  A basilisk (D)
  A wyvern (D)
  2 yaks (D)
  Grum (D)
  A vampire mosquito (D)
  2 water moccasins (D)
  12 orc warriors (D)
  A porcupine (D)
  An ogre (D)
  A sky beast (D)
  A necrophage (D)
  2 wolves (D)
  A phantom (D)
  4 crocodiles (D)
  A bullfrog (D)
  A crimson imp (D)
  A quasit (D)
  3 orc priests (D)
  11 orc wizards (D)
  An iguana (D)
  2 worker ants (D)
  An adder (D)
  2 worms (D)
  A leopard gecko (D)
  9 orcs (D)
  2 bat zombies (D)
  A hobgoblin (D)
  A frilled lizard (D)
  2 rats (D)
109 creatures vanquished.

Notes
Turn   | Place    | Note
-------+----------+-------------------------------------------
     0 | D        | Faca the Formicid Fighter began the quest for the Orb.
     0 | D        | Reached XP level 1. HP: 18/18 MP: 1/1
     9 | D        | Reached skill level 4 in Fighting
    46 | D        | Noticed a quasit
    46 | D        | Noticed a worker ant
    46 | D        | Noticed a phantom
    53 | D        | Killed a worker ant
    53 | D        | Reached skill level 5 in Fighting
    53 | D        | Reached XP level 2. HP: 22/28 MP: 2/2
    53 | D        | Reached XP level 3. HP: 27/34 MP: 3/3
    56 | D        | Reached skill level 6 in Fighting
    56 | D        | Reached skill level 5 in Long Blades
    75 | D        | Reached XP level 4. HP: 35/41 MP: 4/4
   101 | D        | Killed a phantom
   101 | D        | Reached skill level 8 in Fighting
   101 | D        | Reached XP level 5. HP: 25/51 MP: 5/5
   108 | D        | Found a roughly hewn altar of Beogh.
   108 | D        | Found a snail-covered altar of Cheibriados.
   108 | D        | Found a shadowy altar of Dithmenos.
   108 | D        | Found a white marble altar of Elyvilon.
   108 | D        | Found a blossoming altar of Fedhas.
   108 | D        | Found an opulent altar of Gozag.
   109 | D        | Found a hazy altar of Hepliaklqana.
   110 | D        | Found a viscous altar of Jiyva.
   111 | D        | Found an ancient bone altar of Kikubaaqudgha.
   112 | D        | Found a corrupted altar of Lugonu.
   113 | D        | Found a burning altar of Makhleb.
   114 | D        | Found a sparkling altar of Nemelex Xobeh.
   115 | D        | Found an iron altar of Okawaru.
   116 | D        | Found a stormy altar of Qazlal.
   117 | D        | Found a sacrificial altar of Ru.
   118 | D        | Found a shimmering blue altar of Sif Muna.
   119 | D        | Found a bloodstained altar of Trog.
   120 | D        | Found a hide-covered altar of Uskayaw.
   121 | D        | Found a radiant altar of Vehumet.
   122 | D        | Found an ornate altar of the Wu Jian Council.
   123 | D        | Found a shimmering altar of Xom.
   124 | D        | Found a basalt altar of Yredelemnul.
   125 | D        | Found a glowing silver altar of Zin.
   126 | D        | Found a glowing golden altar of the Shining One.
   140 | D        | Became a worshipper of the Shining One
   253 | D        | Noticed an orc warrior
   253 | D        | Noticed a hornet
   253 | D        | Noticed a sky beast
   253 | D        | Noticed an ogre
   253 | D        | Reached * piety under the Shining One
   253 | D        | Noticed a two-headed ogre
   257 | D        | Killed a two-headed ogre
   257 | D        | Reached skill level 12 in Fighting
   257 | D        | Reached XP level 6. HP: 48/65 MP: 6/6
   257 | D        | Reached XP level 7. HP: 52/71 MP: 7/7
   257 | D        | Reached XP level 8. HP: 58/78 MP: 8/8
   258 | D        | Reached skill level 13 in Fighting
   268 | D        | Killed a hornet
   272 | D        | Reached skill level 14 in Fighting
   514 | D        | Noticed a skeletal warrior
   514 | D        | Reached ** piety under the Shining One
   514 | D        | Noticed a slime creature
   514 | D        | Noticed an unseen horror
   514 | D        | Reached *** piety under the Shining One
   518 | D        | Killed an unseen horror
   518 | D        | Reached XP level 9. HP: 73/88 MP: 9/9
   524 | D        | Killed a slime creature
   524 | D        | Reached skill level 15 in Fighting
   541 | D        | Killed a skeletal warrior
   541 | D        | Reached skill level 16 in Fighting
   794 | D        | Reached **** piety under the Shining One
   794 | D        | Noticed a hippogriff
   794 | D        | Noticed a spiny frog
   794 | D        | Noticed a spiny frog
   796 | D        | Killed a spiny frog
   796 | D        | Reached skill level 15 in Long Blades
   796 | D        | Reached XP level 10. HP: 99/99 MP: 10/10
   814 | D        | Killed a spiny frog
   817 | D        | Reached skill level 5 in Shields
   821 | D        | Reached skill level 5 in Armour
   885 | D        | Reached ***** piety under the Shining One
   885 | D        | Noticed a spiny frog
   888 | D        | Noticed a four-headed hydra
   892 | D        | Killed a spiny frog
   892 | D        | Reached skill level 17 in Fighting
   903 | D        | Killed a one-headed hydra
   904 | D        | Reached XP level 11. HP: 89/107 MP: 11/11
   931 | D        | Noticed a lindwurm
   931 | D        | Noticed a lindwurm
   931 | D        | Noticed a lindwurm
   931 | D        | Noticed a lindwurm
   940 | D        | Reached ****** piety under the Shining One
  1093 | D        | Killed a lindwurm
  1098 | D        | Killed a lindwurm
  1101 | D        | Killed a lindwurm
  1110 | D        | Killed a lindwurm
  1110 | D        | Reached skill level 18 in Fighting
  1110 | D        | Reached skill level 10 in Shields
  1680 | D        | Reached skill level 10 in Armour
  1825 | D        | Found Qinaram's Book Boutique.
  1825 | D        | Noticed an orc sorcerer
  1828 | D        | Noticed an orc sorcerer
  1834 | D        | Killed an orc sorcerer
  1837 | D        | Found Zamufiuk's Armour Shop.
  1841 | D        | Killed an orc sorcerer
  1858 | D        | Found Teaheo's Antique Weapon Boutique.
  1861 | D        | Found Zuranet's Antique Weapon Shop.
  1861 | D        | Noticed an orc sorcerer
  1872 | D        | Killed an orc sorcerer
  1873 | D        | Noticed an orc sorcerer
  1882 | D        | Killed an orc sorcerer
  1882 | D        | Reached XP level 12. HP: 101/117 MP: 12/12
  1895 | D        | Bought a glowing great sword for 209 gold pieces
  1895 | D        | Bought a glowing great sword for 209 gold pieces
  1899 | D        | Bought a +2 pair of boots for 181 gold pieces
  1944 | D        | Bought a smoking battleaxe for 253 gold pieces
  1944 | D        | Identified the +3 battleaxe "Beastslayer" {venom, -Tele
                  | rPois rN++ Int-3} (You bought it in a shop in the Dungeon)
  1973 | D        | Noticed Joseph
  1981 | D        | Killed Joseph
  2022 | D        | Noticed Grum
  2028 | D        | Killed Grum
  2133 | D        | Noticed a fire dragon
  2133 | D        | Noticed an ogre mage
  2144 | D        | Noticed a green very ugly thing
  2145 | D        | Noticed a great orb of eyes
  2146 | D        | Noticed an ettin
  2155 | D        | Killed a fire dragon
  2159 | D        | Killed an ogre mage
  2159 | D        | Reached skill level 19 in Fighting
  2162 | D        | Noticed a centaur warrior
  2165 | D        | Killed a green very ugly thing
  2171 | D        | Reached skill level 1 in Invocations
  2176 | D        | Noticed an ogre mage
  2180 | D        | Killed a great orb of eyes
  2183 | D        | Killed an ettin
  2186 | D        | Killed an ogre mage
  2192 | D        | Killed a centaur warrior
  2192 | D        | Reached skill level 5 in Invocations
  2320 | D        | Noticed a centaur warrior
  2328 | D        | Killed a centaur warrior
  2408 | D        | Noticed Kirke
  2416 | D        | Reached XP level 13. HP: 125/125 MP: 17/17
  2427 | D        | Noticed a sphinx
  2440 | D        | HP: 6/125 [sphinx[Kirke] (3)]
  2440 | D        | Slain by a sphinx

Levels and vault maps discovered:
D:        linesprint [early_d, line_temple, items_1, d_10, items_2, lair_1,
          lair_end, items_3, orc_1, orc_end, items_4, d_15, swamp_1, shoals_1,
          snake_1, spider_1, d_20, vaults_1, items_5, swamp_end, shoals_end,
          snake_end, spider_end, vaults_end, d_27, items_6, zot_1, zot_end,
          crypt_end, forest_end, elf_end, slime_end, tomb_end, abyss_end,
          pan_hell_end]

Skill      XL: |  1  2  3  4  5  6  7  8  9 10 11 12 |
---------------+-------------------------------------+-----
Fighting       | 5 6 8 12 14 16 17 18 19 | 19.2
Long Blades    | 4 5 7 11 13 15 17 18 | 18.4
Shields        | 8 11 14 | 14.4
Armour         | 7 10 13 | 13.4
Invocations    | 6 |  6.6

Action                   |  1- 3 |  4- 6 |  7- 9 | 10-12 | 13-15 || total
-------------------------+-------+-------+-------+-------+-------++-------
Melee: Long sword        |    45 |    18 |       |       |       ||    63
       Scimitar          |       |     3 |    42 |   221 |       ||   266
       Great sword       |       |       |       |    58 |     7 ||    65
       Unarmed           |       |       |       |       |    12 ||    12
  Use: Potion            |     2 |     1 |     2 |       |     3 ||     8
       Scroll            |       |       |       |     2 |       ||     2
  Eat: Chunk             |       |       |       |     5 |       ||     5
Armor: Scale mail        |    48 |     3 |       |       |       ||    51
       Chain mail        |       |       |     6 |    21 |       ||    27
       Ring mail         |       |       |     1 |       |       ||     1
       Plate armour      |       |       |       |    34 |       ||    34
Dodge: Dodged            |    15 |     5 |     8 |    59 |    11 ||    98
Block: Shield            |    38 |     7 |    12 |    83 |     4 ||   144
       Rpst.: Long sword |     3 |     1 |       |       |       ||     4
       Scimitar          |       |       |     3 |     7 |       ||    10
       Great sword       |       |       |       |     2 |       ||     2

Table legend:
 A = Non-vault XP
 B = Vault XP
 C = Vault XP percentage of total XP
 D = Non-vault monster count
 E = Vault monster count
 F = Vault count percentage of total count
                 A         B        C        D         E       F
            +---------+---------+-------+---------+---------+-------
      Total |       0 |   27636 | 100.0 |       0 |     109 | 100.0
            +---------+---------+-------+---------+---------+-------
          D |       0 |   27636 | 100.0 |       0 |     109 | 100.0
            +---------+---------+-------+---------+---------+-------
